TOP OF THE 1ST |
Charleston RiverDogs batting - Pitching for Greenville Drive : RHP Su-wu Yang
|
Pitching: RHP Su-wu Yang
|
|
Batting: RHB Jonathan Iniguez
|
0-0: Ball 1-0: Ball 2-0: Bunt missed! 2-1: Foul Ball, location: 2F 2-2: Ground out 5-3 (Groundball, 5S, EV 69.4 MPH)
|
Batting: SHB Corey Penson
|
0-0: Ball 1-0: Ball 2-0: Ball 3-0: Called Strike 3-1: Base on Balls
|
Batting: LHB Justin O'Neal
|
0-0: Called Strike Passed Ball! Corey Penson to second 0-1: Swinging Strike 0-2: Ball 1-2: Ball 2-2: SINGLE (Groundball, 56D, EV 96.9 MPH) Corey Penson to third
|
Batting: RHB Mike Zern
|
0-0: Ball 1-0: Swinging Strike 1-1: Ball Wild Pitch! Corey Penson scores Justin O'Neal to second 2-1: Ball 3-1: Called Strike 3-2: Strikes out swinging
|
Batting: LHB Steve LeGrand
|
0-0: Single, Error in OF, E9, batter to second base (Groundball, 34D, EV 97.5 MPH) Justin O'Neal scores
|
Batting: RHB Bill Nguyen-Tan
|
0-0: Ball 1-0: Swinging Strike 1-1: Ball 2-1: Ball 3-1: Foul Ball, location: 2F 3-2: Foul Ball, location: 2F 3-2: Base on Balls
|
Batting: LHB Dale Anderson
|
0-0: Ball 1-0: 3-RUN HOME RUN (Flyball, 9LD, EV 96.9 MPH), Distance : 346 ft
|
Batting: RHB Matt Alderson
|
0-0: Called Strike 0-1: Ball 1-1: Ball 2-1: Swinging Strike 2-2: Strikes out swinging
|
Top of the 1st over - 5 runs, 3 hits, 1 error, 0 left on base; Charleston 5 - Greenville 0 |
BOTTOM OF THE 1ST |
Greenville Drive batting - Pitching for Charleston RiverDogs : LHP Colin Scott
|
Pitching: LHP Colin Scott
|
|
Batting: RHB Tony Nunez
|
0-0: Fly out, F8 (Flyball, 8RD, EV 104.4 MPH)
|
Batting: RHB Adugna Chandu
|
0-0: Foul Ball, location: 2F 0-1: Ball 1-1: Ball 2-1: Ball 3-1: Base on Balls
|
Batting: RHB Scott Hawkins
|
0-0: Ball 1-0: Ball 2-0: Called Strike 2-1: Ball 3-1: Base on Balls Adugna Chandu to second
|
Batting: RHB Paul Long
|
0-0: Ball 1-0: Called Strike 1-1: 3-RUN HOME RUN (Flyball, 78XD, EV 106.9 MPH), Distance : 417 ft
|
Batting: LHB Carlos Guerra
|
0-0: Ground out 5-3 (Groundball, 5L, EV 84.4 MPH)
|
Batting: LHB Eddie Contreras
|
0-0: Called Strike 0-1: Ball 1-1: Swinging Strike 1-2: Ball 2-2: Ball 3-2: Strikes out looking
|
Bottom of the 1st over - 3 runs, 1 hit, 0 errors, 0 left on base; Charleston 5 - Greenville 3 |
TOP OF THE 2ND |
Charleston RiverDogs batting - Pitching for Greenville Drive : RHP Su-wu Yang
|
Batting: RHB Louwe Starmans
|
0-0: DOUBLE (Line Drive, 5D, EV 102.5 MPH)
|
Batting: RHB Jonathan Iniguez
|
0-0: Foul Ball, location: 2F 0-1: Ball 1-1: Swinging Strike 1-2: Ball 2-2: Ball 3-2: Foul Ball, location: 2F 3-2: Base on Balls
|
Pitching: RHP Victor Escobar
|
|
Batting: SHB Corey Penson
|
0-0: Ball 1-0: Ball 2-0: Called Strike 2-1: Ball 3-1: Reached on error, E5 (Groundball, 6, EV 84.4 MPH) Louwe Starmans to third Jonathan Iniguez to second
|
Batting: LHB Justin O'Neal
|
0-0: Ball 1-0: Ball 2-0: Called Strike 2-1: Foul Ball, location: 2F 2-2: Strikes out swinging
|
Batting: RHB Mike Zern
|
0-0: Ball 1-0: Ball 2-0: Swinging Strike 2-1: SINGLE (Groundball, 4D, EV 94.4 MPH) Louwe Starmans scores Jonathan Iniguez to third Corey Penson to second Runner from 3rd tries for Home, SAFE, throw by CF to home
|
Batting: LHB Steve LeGrand
|
0-0: Called Strike 0-1: Swinging Strike 0-2: Strikes out looking
|
Batting: RHB Bill Nguyen-Tan
|
0-0: Ball 1-0: Fielders Choice at 2nd, 5-4 (Groundball, 56, EV 83.8 MPH)
|
Top of the 2nd over - 2 runs, 2 hits, 1 error, 2 left on base; Charleston 7 - Greenville 3 |
BOTTOM OF THE 2ND |
Greenville Drive batting - Pitching for Charleston RiverDogs : LHP Colin Scott
|
Batting: RHB Mike Rosa
|
0-0: Called Strike 0-1: Swinging Strike 0-2: Strikes out swinging
|
Batting: LHB John Buff
|
0-0: Called Strike 0-1: Called Strike 0-2: Fly out, F5 (Popup, 56, EV 69.4 MPH)
|
Batting: RHB Roger Mitchell
|
0-0: Foul Ball, location: 2F 0-1: Ground out 5-3 (Groundball, 56, EV 83.1 MPH)
|
Bottom of the 2nd over - 0 runs, 0 hits, 0 errors, 0 left on base; Charleston 7 - Greenville 3 |
TOP OF THE 3RD |
Charleston RiverDogs batting - Pitching for Greenville Drive : RHP Victor Escobar
|
Batting: LHB Dale Anderson
|
0-0: Foul Ball, location: 2F 0-1: Ball 1-1: Ball 2-1: Swinging Strike 2-2: Foul Ball, location: 2F 2-2: Strikes out swinging
|
Batting: RHB Matt Alderson
|
0-0: Fly out, F7 (Flyball, 7LM, EV 89.4 MPH)
|
Batting: RHB Louwe Starmans
|
0-0: Ball 1-0: Foul Ball, location: 2F 1-1: Ground out 6-3 (Groundball, 6, EV 101.2 MPH)
|
Top of the 3rd over - 0 runs, 0 hits, 0 errors, 0 left on base; Charleston 7 - Greenville 3 |
BOTTOM OF THE 3RD |
Greenville Drive batting - Pitching for Charleston RiverDogs : LHP Colin Scott
|
Batting: RHB Tony Nunez
|
0-0: SINGLE (Line Drive, 78S, EV 100.0 MPH)
|
Batting: RHB Adugna Chandu
|
0-0: Ball Tony Nunez steals 2nd base 1-0: Ball 2-0: Ball 3-0: Base on Balls
|
Batting: RHB Scott Hawkins
|
0-0: Called Strike 0-1: Fielders Choice at 2nd, 4-6 (Groundball, 4S, EV 80.0 MPH) Tony Nunez to third
|
Batting: RHB Paul Long
|
0-0: Fly out, F9 (Flyball, 9D, EV 105.6 MPH) Runner from 3rd tags up, SCORES, no throw by RF
|
Batting: LHB Carlos Guerra
|
0-0: Ball 1-0: Ball 2-0: Ball 3-0: Called Strike 3-1: Fielders Choice at 2nd, U6 (Groundball, 6M, EV 103.8 MPH)
|
Bottom of the 3rd over - 1 run, 1 hit, 0 errors, 1 left on base; Charleston 7 - Greenville 4 |
TOP OF THE 4TH |
Charleston RiverDogs batting - Pitching for Greenville Drive : RHP Victor Escobar
|
Batting: RHB Jonathan Iniguez
|
0-0: Ball 1-0: Foul Ball, location: 2F 1-1: Ground out 6-3 (Groundball, 56, EV 91.2 MPH)
|
Batting: SHB Corey Penson
|
0-0: Called Strike 0-1: Ball 1-1: Ball 2-1: Foul Ball, location: 2F 2-2: Strikes out swinging
|
Batting: LHB Justin O'Neal
|
0-0: Called Strike 0-1: Fly out, F9 (Flyball, 9S, EV 87.5 MPH)
|
Top of the 4th over - 0 runs, 0 hits, 0 errors, 0 left on base; Charleston 7 - Greenville 4 |
BOTTOM OF THE 4TH |
Greenville Drive batting - Pitching for Charleston RiverDogs : LHP Colin Scott
|
Batting: LHB Eddie Contreras
|
0-0: Swinging Strike 0-1: Ball 1-1: Foul Ball, location: 2F 1-2: Foul Ball, location: 2F 1-2: Ball 2-2: Strikes out swinging
|
Batting: RHB Mike Rosa
|
0-0: Ball 1-0: Foul Ball, location: 2F 1-1: Swinging Strike 1-2: Strikes out swinging
|
Batting: LHB John Buff
|
0-0: Called Strike 0-1: Fly out, F5 (Line Drive, 5L, EV 61.9 MPH)
|
Bottom of the 4th over - 0 runs, 0 hits, 0 errors, 0 left on base; Charleston 7 - Greenville 4 |
TOP OF THE 5TH |
Charleston RiverDogs batting - Pitching for Greenville Drive : RHP Victor Escobar
|
Batting: RHB Mike Zern
|
0-0: Hit by Pitch
|
Batting: LHB Steve LeGrand
|
0-0: Fly out, F8 (Flyball, 78M, EV 92.5 MPH)
|
Batting: RHB Bill Nguyen-Tan
|
0-0: Ball 1-0: Called Strike 1-1: Ball 2-1: Foul Ball, location: 2F 2-2: SINGLE (Groundball, 34D, EV 101.9 MPH) Mike Zern to second Runner from 2nd tries for 3rd, SAFE, throw by RF made to third
|
Batting: LHB Dale Anderson
|
0-0: Ball 1-0: Swinging Strike 1-1: Swinging Strike 1-2: Foul Ball, location: 2F 1-2: Ball 2-2: Strikes out looking
|
Batting: RHB Matt Alderson
|
0-0: Ball 1-0: Ball 2-0: Foul Ball, location: 2F 2-1: Ball 3-1: Foul Ball, location: 2F 3-2: Strikes out swinging
|
Top of the 5th over - 0 runs, 1 hit, 0 errors, 2 left on base; Charleston 7 - Greenville 4 |
BOTTOM OF THE 5TH |
Greenville Drive batting - Pitching for Charleston RiverDogs : LHP Colin Scott
|
Batting: RHB Roger Mitchell
|
0-0: Called Strike 0-1: Called Strike 0-2: Ground out U3 (Groundball, 3, EV 110.0 MPH)
|
Batting: RHB Tony Nunez
|
0-0: Ball 1-0: Fly out, F9 (Flyball, 9, EV 91.2 MPH)
|
Batting: RHB Adugna Chandu
|
0-0: Ball 1-0: Fly out, F7 (Flyball, 78M, EV 93.8 MPH)
|
Bottom of the 5th over - 0 runs, 0 hits, 0 errors, 0 left on base; Charleston 7 - Greenville 4 |
TOP OF THE 6TH |
Charleston RiverDogs batting - Pitching for Greenville Drive : RHP Victor Escobar
|
Pitching: LHP Josh Turner
|
|
Batting: RHB Louwe Starmans
|
0-0: Ball 1-0: SINGLE (Flyball, 3D, EV 90.6 MPH)
|
Batting: RHB Jonathan Iniguez
|
0-0: SINGLE (Groundball, 6MD, EV 103.1 MPH) Louwe Starmans to second
|
Batting: SHB Corey Penson
|
0-0: Ball 1-0: Ball 2-0: Foul Ball, location: 2F 2-1: DOUBLE (Line Drive, 7LM, EV 89.4 MPH) Louwe Starmans scores Jonathan Iniguez to third
|
Batting: LHB Justin O'Neal
|
0-0: Foul Ball, location: 2F 0-1: Called Strike 0-2: Strikes out swinging
|
Batting: RHB Mike Zern
|
0-0: Ball 1-0: Foul Ball, location: 2F 1-1: Ball 2-1: Ball 3-1: Base on Balls
|
Batting: LHB Steve LeGrand
|
0-0: Ball 1-0: Ball 2-0: Foul Ball, location: 2F 2-1: Fielders Choice at 2nd, 3-6 (Groundball, 34S, EV 84.4 MPH) Jonathan Iniguez scores Corey Penson to third
|
Batting: RHB Bill Nguyen-Tan
|
0-0: Called Strike 0-1: Swinging Strike 0-2: Ball 1-2: Strikes out looking
|
Top of the 6th over - 2 runs, 3 hits, 0 errors, 2 left on base; Charleston 9 - Greenville 4 |
BOTTOM OF THE 6TH |
Greenville Drive batting - Pitching for Charleston RiverDogs : LHP Colin Scott
|
Batting: RHB Scott Hawkins
|
0-0: DOUBLE (Line Drive, 78M, EV 102.5 MPH)
|
Batting: RHB Paul Long
|
0-0: Ball 1-0: Ball 2-0: Ball 3-0: Called Strike 3-1: Base on Balls
|
Batting: LHB Carlos Guerra
|
0-0: Ball 1-0: Foul Ball, location: 2F 1-1: Ball 2-1: Fly out, F8 (Line Drive, 8LM, EV 111.2 MPH)
|
Batting: LHB Eddie Contreras
|
0-0: Grounds into double play, 3-6-3 (Groundball, 34, EV 87.5 MPH)
|
Bottom of the 6th over - 0 runs, 1 hit, 0 errors, 1 left on base; Charleston 9 - Greenville 4 |
TOP OF THE 7TH |
Charleston RiverDogs batting - Pitching for Greenville Drive : LHP Josh Turner
|
Batting: LHB Dale Anderson
|
0-0: Ball 1-0: Swinging Strike 1-1: Called Strike 1-2: DOUBLE (Flyball, 89XD, EV 99.4 MPH)
|
Batting: RHB Matt Alderson
|
0-0: Foul Ball, location: 2F 0-1: Fly out, F9 (Flyball, 89M, EV 84.4 MPH)
|
Batting: RHB Louwe Starmans
|
0-0: Swinging Strike 0-1: Swinging Strike 0-2: Strikes out swinging
|
Pitching: RHP Alan Phillips
|
|
Batting: RHB Jonathan Iniguez
|
0-0: Foul Ball, location: 2F 0-1: Called Strike 0-2: Strikes out swinging
|
Top of the 7th over - 0 runs, 1 hit, 0 errors, 1 left on base; Charleston 9 - Greenville 4 |
BOTTOM OF THE 7TH |
Greenville Drive batting - Pitching for Charleston RiverDogs : LHP Colin Scott
|
Batting: RHB Mike Rosa
|
0-0: Ball 1-0: Foul Ball, location: 2F 1-1: Called Strike 1-2: Ball 2-2: Strikes out swinging
|
Batting: LHB John Buff
|
0-0: Ball 1-0: Ground out 4-3 (Groundball, 4, EV 76.9 MPH)
|
Batting: RHB Roger Mitchell
|
0-0: Ball 1-0: Called Strike 1-1: Swinging Strike 1-2: Foul Ball, location: 2F 1-2: Ball 2-2: Foul Ball, location: 2F 2-2: Fly out, F6 (Line Drive, 6, EV 62.5 MPH)
|
Bottom of the 7th over - 0 runs, 0 hits, 0 errors, 0 left on base; Charleston 9 - Greenville 4 |
TOP OF THE 8TH |
Charleston RiverDogs batting - Pitching for Greenville Drive : RHP Alan Phillips
|
Batting: SHB Corey Penson
|
0-0: Called Strike 0-1: Ball 1-1: Foul Ball, location: 2F 1-2: Fly out, F8 (Flyball, 8LD, EV 101.2 MPH)
|
Batting: LHB Justin O'Neal
|
0-0: Swinging Strike 0-1: Ball 1-1: Swinging Strike 1-2: Ball 2-2: Ball 3-2: Strikes out swinging
|
Batting: RHB Mike Zern
|
0-0: Ball 1-0: Foul Ball, location: 2F 1-1: Foul Ball, location: 2F 1-2: Ball 2-2: DOUBLE (Line Drive, 7LM, EV 111.2 MPH)
|
Batting: LHB Steve LeGrand
|
0-0: Foul Ball, location: 2F 0-1: Ball Wild Pitch! Mike Zern to third 1-1: Foul Ball, location: 2F 1-2: 2-RUN HOME RUN (Flyball, 89XD, EV 110.0 MPH), Distance : 441 ft
|
Batting: RHB Bill Nguyen-Tan
|
0-0: Ball 1-0: Called Strike 1-1: Called Strike 1-2: Ground out 5-3 (Groundball, 56, EV 105.6 MPH)
|
Top of the 8th over - 2 runs, 2 hits, 0 errors, 0 left on base; Charleston 11 - Greenville 4 |
BOTTOM OF THE 8TH |
Greenville Drive batting - Pitching for Charleston RiverDogs : LHP Colin Scott
|
Pinch Hitting: LHB Kevin Rolison
|
0-0: Ball 1-0: Swinging Strike 1-1: Foul Ball, location: 2F 1-2: Strikes out swinging
|
Batting: RHB Adugna Chandu
|
0-0: Ball 1-0: Ground out 6-3 (Groundball, 6, EV 85.6 MPH)
|
Batting: RHB Scott Hawkins
|
0-0: Ball 1-0: Ground out 4-3 (Groundball, 4, EV 86.9 MPH)
|
Bottom of the 8th over - 0 runs, 0 hits, 0 errors, 0 left on base; Charleston 11 - Greenville 4 |
TOP OF THE 9TH |
Charleston RiverDogs batting - Pitching for Greenville Drive : RHP Alan Phillips
|
Now at 1B: Kevin Rolison
|
|
Batting: LHB Dale Anderson
|
0-0: Ball 1-0: Called Strike 1-1: Ball 2-1: Foul Ball, location: 2F 2-2: Strikes out looking
|
Batting: RHB Matt Alderson
|
0-0: Ball 1-0: Called Strike 1-1: Swinging Strike 1-2: Ball 2-2: Fly out, F9 (Line Drive, 89M, EV 90.0 MPH)
|
Batting: RHB Louwe Starmans
|
0-0: Ball 1-0: Called Strike 1-1: Ball 2-1: SOLO HOME RUN (Flyball, 8LXD, EV 110.0 MPH), Distance : 409 ft
|
Pitching: RHP Adrian Colorado
|
|
Pinch Hitting: LHB Marc Durgin
|
0-0: Ball 1-0: Called Strike 1-1: Foul Ball, location: 2F 1-2: Foul Ball, location: 2F 1-2: Ball 2-2: Foul Ball, location: 2F 2-2: Foul Ball, location: 2F 2-2: Ball 3-2: Ground out 6-3 (Groundball, 6, EV 86.2 MPH)
|
Top of the 9th over - 1 run, 1 hit, 0 errors, 0 left on base; Charleston 12 - Greenville 4 |
BOTTOM OF THE 9TH |
Greenville Drive batting - Pitching for Charleston RiverDogs : LHP Colin Scott
|
Now in CF: Marc Durgin
|
|
Batting: RHB Paul Long
|
0-0: Ball 1-0: Ball 2-0: Called Strike 2-1: Ground out 1-3 (Groundball, 34S, EV 70.0 MPH)
|
Pitching: RHP Mike Pickens
|
|
Batting: LHB Carlos Guerra
|
0-0: Swinging Strike 0-1: Called Strike 0-2: Strikes out swinging
|
Batting: LHB Eddie Contreras
|
0-0: Called Strike 0-1: SINGLE (Groundball, 6MD, EV 108.1 MPH)
|
Batting: RHB Mike Rosa
|
0-0: TRIPLE (Line Drive, 89XD, EV 108.8 MPH) Eddie Contreras scores
|
Batting: LHB John Buff
|
0-0: Ball 1-0: Ball 2-0: Foul Ball, location: 2F 2-1: Foul Ball, location: 2F 2-2: Foul Ball, location: 2F 2-2: Strikes out swinging
|
Bottom of the 9th over - 1 run, 2 hits, 0 errors, 1 left on base; Charleston 12 - Greenville 5 |
|